 Dungeon Crawl Stone Soup version 0.31-a0-1237-gabc64e778c (webtiles) character file.

Game seed: 6537596043544036982

674 backslashecho the Chopper (level 7, -4/62 HPs)
             Began as a Minotaur Fighter on Dec 16, 2023.
             Slain by an orc warrior
             ... wielding a +0 dire flail
              (9 damage)
             ... on level 4 of the Dungeon.
             The game lasted 00:04:45 (3094 turns).

backslashecho the Chopper (Minotaur Fighter)        Turns: 3094, Time: 00:04:46

Health: -4/62      AC:  6    Str: 22    XL:     7   Next: 33%
Magic:  6/6        EV:  9    Int:  5    God:
Gold:   123        SH:  5    Dex: 10    Spells: 6/6 levels left

rFire   . . .        a - +1 war axe
rCold   . . .        c - +0 buckler
rNeg    . . .        b - +0 scale mail
rPois   .            (helmet restricted)
rElec   .            (no cloak)
rCorr   .            (no gloves)
SInv    .            (no boots)
Will    .....        (no amulet) Stlth
                     (no ring)
HPRegen 0.30/turn    (no ring)
MPRegen 0.10/turn

%: no passive effects
@: no status effects
A: horns 2, retaliatory headbutt
a: no special abilities


You were on level 4 of the Dungeon.
You visited 1 branch of the dungeon, and saw 4 of its levels.

You collected 123 gold pieces.

Inventory:

Hand Weapons
 a - a +1 war axe (weapon)
Missiles
 u - 6 poisoned darts
Armour
 b - a +0 scale mail (worn)
 c - a +0 buckler (worn)
 v - a +0 hat
Jewellery
 w - a ring of protection from cold
Scrolls
 f - a scroll of identify {unknown}
 g - a scroll of amnesia {unknown}
 h - a scroll of immolation {unknown}
 j - a scroll of revelation
 k - 2 scrolls of teleportation
 l - a scroll of fear {unknown}
 r - a scroll of enchant weapon
 t - a scroll of fog {unknown}
Potions
 d - a potion of might
 i - a potion of attraction {unknown}
 m - a potion of berserk rage {unknown}
 n - 3 potions of curing {unknown}
 o - a potion of enlightenment {unknown}
 p - a potion of haste {unknown}
 q - a potion of degeneration {unknown}
 s - 2 potions of brilliance {unknown}
 x - a potion of mutation {unknown}


   Skills:
 + Level 5.8 Fighting
 * Level 6.8 Axes
 + Level 2.0 Throwing
 - Level 3.6 Armour
 + Level 5.9 Shields


You had 6 spell levels left.
You didn't know any spells.
Your spell library contained the following spells:

 Spells                   Type           Power      Damage    Failure   Level
 Sandblast                Erth           0%         2d4       86%         1
 Passwall                 Tmut/Erth      0%         N/A       94%         2
 Ozocubu's Armour         Ice            0%         N/A       99%         3
 Stone Arrow              Conj/Erth      0%         3d7       99%         3
 Brom's Barrelling Bould  Conj/Erth      0%         2d3       100%        4
 Ozocubu's Refrigeration  Ice            0%         4d7       100%        7


Dungeon Overview and Level Annotations

Branches:
Dungeon (4/15)
 Temple: D:4-7

Altars:
Dithmenos
Fedhas
Hepliaklqana
Kikubaaqudgha


Innate Abilities, Weirdness & Mutations

You have a pair of horns on your head.
You reflexively headbutt those who attack you in melee.


Message History

You hit the orc warrior. You hit the orc. The orc hits you but does no damage.
The orc wizard hits you but does no damage.
You block the orc warrior's attack.
You slash the orc wizard!
You kill the orc wizard!
You hit the orc warrior. You slash the orc!
You kill the orc!
The orc warrior hits you with a +0 dire flail!
Your Throwing skill increases to level 2!
You take 12 damage, and have 30/62 hp.
You closely miss the orc warrior.
You headbutt the orc warrior, but do no damage.
The orc warrior is almost dead.
You hit the orc. The orc hits you but does no damage.
The orc warrior hits you with a +0 dire flail.
You take 6 damage, and have 24/62 hp.
You are too injured to fight recklessly!
You are too injured to fight recklessly!
You are too injured to fight recklessly!
You hit the orc warrior.
The orc warrior is almost dead.
You hit the orc.
You kill the orc!
The orc warrior hits you with a +0 dire flail!
* * * LOW HITPOINT WARNING * * *
You take 9 damage, and have 15/62 hp.
You hit the orc warrior but do no damage.
The orc warrior is almost dead.
The orc warrior hits you but does no damage.
Unknown command.
You hit the orc warrior but do no damage.
The orc warrior is almost dead.
The orc warrior hits you but does no damage.
The orc warrior hits you with a +0 dire flail!
* * * LOW HITPOINT WARNING * * *
You take 9 damage, and have 7/62 hp.
You hit the orc warrior but do no damage.
You headbutt the orc warrior, but do no damage.
The orc warrior is almost dead.
The orc warrior hits you with a +0 dire flail!
* * * LOW HITPOINT WARNING * * *
You take 6 damage, and have 1/62 hp.
You feel much better.
The orc warrior hits you with a +0 dire flail!!
* * * LOW HITPOINT WARNING * * *
You regained 4 hp, and now have 5/62 hp.
You closely miss the orc warrior. Your headbutt misses the orc warrior.
The orc warrior is almost dead.
The orc warrior hits you with a +0 dire flail!
You die...

#.............♣.~.....
#.....###.#.~..~[~.♣~.
#.....# #.####≈...♣~#.
#.....# #...).....~###
#.....# ###~~~..~.###
#.....# ##.~~≈.~~.#
#.....# ####.#####
#.....# #.# #...o@#
..# #...))# ...#
#.....# ....# ####...
.....# #... ######
#.... #.... #.....


You could see an orc warrior.

Vanquished Creatures
  An ogre (D:4)
  2 phantoms (D:4)
  2 scorpions
  An iguana (D:4)
  Terence (D:2)
  3 orc wizards
  Robin (D:3)
  8 adders
  A shadow imp (D:3)
  4 worms
  8 orcs
  7 bats
  3 endoplasms
  5 giant cockroaches
  17 goblins
  9 hobgoblins
  3 jackals (D:3)
  2 quokkas
  5 ball pythons
  2 frilled lizards
  15 kobolds
  3 rats
103 creatures vanquished.

Notes
Turn   | Place    | Note
-------+----------+-------------------------------------------
     0 | D:1      | backslashecho the Minotaur Fighter began the quest for the
                  | Orb.
     0 | D:1      | Reached XP level 1. HP: 19/19 MP: 0/0
   246 | D:1      | Reached skill level 3 in Axes
   246 | D:1      | Reached XP level 2. HP: 27/27 MP: 1/1
   797 | D:2      | Noticed Terence
   802 | D:2      | Killed Terence
   803 | D:2      | Reached XP level 3. HP: 33/33 MP: 2/2
   933 | D:2      | Reached skill level 4 in Axes
   972 | D:2      | Reached XP level 4. HP: 35/40 MP: 3/3
  1623 | D:3      | Found an ancient bone altar of Kikubaaqudgha.
  1777 | D:3      | Noticed a scorpion
  1789 | D:3      | Killed a scorpion
  1790 | D:3      | Reached skill level 5 in Axes
  1790 | D:3      | Reached XP level 5. HP: 28/47 MP: 4/4
  1868 | D:3      | Found a hazy altar of Hepliaklqana.
  2005 | D:3      | Reached skill level 5 in Fighting
  2005 | D:3      | Reached skill level 5 in Shields
  2119 | D:3      | Reached XP level 6. HP: 56/56 MP: 5/5
  2249 | D:3      | Noticed Robin
  2269 | D:3      | Killed Robin
  2700 | D:4      | Reached skill level 6 in Axes
  2700 | D:4      | Reached skill level 1 in Throwing
  2753 | D:4      | Found a shadowy altar of Dithmenos.
  2781 | D:4      | Found a blossoming altar of Fedhas.
  2880 | D:4      | Reached XP level 7. HP: 32/62 MP: 6/6
  3092 | D:4      | HP: 1/62 [orc warrior/+0 dire flail (7)]
  3094 | D:4      | Slain by an orc warrior

Illustrated notes

Levels and vault maps discovered:
D:1:      dpeg_arrival_arbitrary_b, layout_loops_ring
D:2:      layout_basic, uniq_terence
D:3:      kennysheep_goblin_castle, layout_rooms, mainiacjoe_overflow_paths,
          lemuel_round_altar
D:4:      layout_basic, fedhas_altar_decomposition,
          mainiacjoe_overflow_alcove_2, chequers_serial_rivers_marsh,
          grunt_ministairs_9

Skill      XL: |  1  2  3  4  5  6  7 |
---------------+----------------------+-----
Axes           | 3 4 5 6 |  6.8
Fighting       | 4 5 |  5.8
Shields        | 4 5 |  5.9
Throwing       | 1 2 |  2.0
Armour         | |  3.6

Action                     |  1- 3 |  4- 6 |  7- 9 || total
---------------------------+-------+-------+-------++-------
  Melee: War axe           |    60 |   147 |    29 ||   236
         Headbutt          |     7 |    15 |     3 ||    25
    Use: Scroll            |       |     3 |       ||     3
         Potion            |       |     1 |     1 ||     2
 Armour: Scale mail        |    34 |   153 |    30 ||   217
  Dodge: Dodged            |    36 |    78 |    12 ||   126
  Block: Buckler           |    16 |    35 |     5 ||    56

Table legend: (Time is in decaauts)
 A = Elapsed time spent in this place.
 B = Non-inter-level travel time spent in this place.
 C = Inter-level travel time spent in this place.
 D = Time resting spent in this place.
 E = Time spent auto-exploring this place.
 F = Levels seen in this place.
 G = Mean time per level.
                   A        B        C        D        E       F      G
               +--------+--------+--------+--------+--------+-----+--------+
         Total |   3165 |   2967 |    198 |    207 |   2064 |   4 |  791.2 |
       Dungeon |   3165 |   2967 |    198 |    207 |   2064 |   4 |  791.2 |
               +--------+--------+--------+--------+--------+-----+--------+

Top non-repeatable levels by time:
     D:3: 1099 daAuts
     D:2: 890 daAuts
     D:1: 729 daAuts
     D:4: 446 daAuts
